Map: Acropolis LE

Players

MaSa

  • Race: Terran Terran
  • Spawn Location: 11:00

Stephano - Winner!

  • Race: Zerg Zerg
  • Spawn Location: 5:00

VOD

Have the link to the VOD?

Description

Time

  • Played on: Sept. 7, 2019, 2:45 p.m.
  • Length: 17:54
Show
View Real Time Build Order
Export as new Build Order

MaSa Terran 

Build Orders: Hellion Opening, Reaper Expand 

Get SALT Encoding   

  12  0:00  SCV  
  13  0:12  SCV  
  14  0:17  Supply Depot  
  14  0:25  SCV  
  15  0:38  SCV  
  15  0:39  Barracks  
  16  0:45  Refinery  
  16  0:50  SCV  
  17  1:03  SCV  
  18  1:15  SCV  
  19  1:27  Orbital Command, Reaper  
  20  1:39  Command Center  
  20  1:47  Supply Depot  
  20  1:52  SCV  
  21  1:59  Marine  
  22  2:09  SCV  
  22  2:10  Factory  
  22  2:12  Refinery  
  23  2:22  SCV  
  24  2:29  Barracks Reactor  
  24  2:34  SCV  
  24  2:46  SCV  
  25  2:53  Orbital Command  
  25  2:56  Starport  
  25  2:58  SCV  
  26  3:09  Hellion x2  
  26  3:11  SCV  
  31  3:22  SCV  
  31  3:23  SCV  
  33  3:31  Hellion x2  
  33  3:34  SCV  
  38  3:35  SCV  
  38  3:39  Fusion Core  
  39  3:42  Starport Tech Lab  
  39  3:46  SCV  
  39  3:47  SCV, Supply Depot  
  41  3:56  Hellion x2  
  41  3:58  SCV  
  46  4:04  Supply Depot  
  46  4:09  SCV  
  47  4:10  SCV  
  48  4:21  SCV  
  48  4:22  SCV  
  48  4:23  Supply Depot  
  50  4:26  Battlecruiser  
  50  4:30  Command Center  
  56  4:33  SCV  
  56  4:38  SCV  
  58  4:43  Hellion  
  58  4:44  Hellion  
  58  4:45  SCV  
  54  4:47  Refinery  
  54  4:49  Refinery  
  54  4:50  SCV  
  55  4:57  SCV  
  55  4:59  Weapon Refit  
  56  5:04  SCV, Supply Depot  
  57  5:09  SCV  
  57  5:10  Hellion x2  
  62  5:16  SCV  
  63  5:21  SCV  
  63  5:27  Supply Depot  
  63  5:28  SCV  
  65  5:30  Battlecruiser  
  65  5:31  Hellion  
  65  5:34  SCV  
  74  5:40  SCV  
  74  5:41  Hellion  
  77  5:43  Factory  
  77  5:46  SCV  
  78  5:54  SCV, Barracks Tech Lab  
  79  5:57  Factory  
  79  5:58  SCV  
  79  6:00  Hellion  
  79  6:03  Hellion  
  84  6:07  SCV  
  85  6:12  SCV  
  85  6:13  Armory  
  85  6:15  Armory  
  85  6:17  Refinery  
  86  6:19  SCV  
  86  6:22  Hellion  
  86  6:24  SCV, Hellion  
  92  6:27  Barracks Tech Lab  
  92  6:28  Orbital Command  
  92  6:29  Refinery  
  92  6:33  SCV  
  92  6:38  Battlecruiser  
  99  6:43  SCV  
  100  6:54  Supply Depot  
  100  6:56  Mag-Field Accelerator  
  100  6:58  SCV  
  101  7:09  Supply Depot  
  101  7:10  Cyclone x2, Hellion  
  101  7:14  Terran Vehicle Weapons Level 1  
  113  7:15  SCV x2  
  113  7:16  SCV, Hellion  
  113  7:20  Supply Depot, Terran Vehicle And Ship Armor Level 1  
  114  7:27  SCV  
  114  7:29  SCV x2  
  117  7:32  Hellion  
  117  7:33  Supply Depot  
  117  7:36  Infernal Pre-Igniter  
  119  7:44  Factory  
  119  7:46  SCV  
  119  7:47  SCV  
  119  7:50  Cyclone  
  124  7:53  SCV  
  124  7:55  Factory  
  125  7:59  Hellion x2  
  125  8:00  Cyclone, SCV  
  134  8:05  SCV  
  134  8:06  SCV  
  134  8:07  Command Center  
  135  8:16  Battlecruiser  
  141  8:20  Supply Depot  
  141  8:26  Engineering Bay  
  141  8:29  Supply Depot  
  141  8:41  SCV x3, Supply Depot  
  141  8:42  Hellion x2  
  141  8:46  Factory Tech Lab, Factory Reactor  
  148  8:50  Cyclone x2  
  148  8:53  SCV x2  
  156  9:00  SCV  
  143  9:03  Hellion  
  143  9:04  Hellion  
  143  9:08  SCV  
  143  9:09  Cyclone, Supply Depot  
  151  9:11  Terran Ship Weapons Level 1  
  151  9:14  Terran Vehicle And Ship Armor Level 2  
  151  9:19  Supply Depot  
  151  9:20  Supply Depot  
  151  9:22  Cyclone  
  154  9:25  Command Center  
  154  9:26  SCV x2  
  154  9:29  SCV  
  157  9:36  Cyclone  
  157  9:38  SCV  
  161  9:41  Cyclone  
  168  9:46  Hellion x3  
  168  9:47  Refinery  
  168  9:49  Sensor Tower  
  167  9:53  SCV x3  
  167  9:55  Planetary Fortress  
  167  9:59  Hellion x2  
  172  10:08  Cyclone  
  172  10:11  Hellion x2  
  172  10:12  SCV x3  
  182  10:21  Cyclone, Hellion x2  
  182  10:24  SCV  
  182  10:25  Missile Turret  
  182  10:27  Missile Turret  
  182  10:28  Battlecruiser  
  192  10:32  Missile Turret  
  192  10:36  Command Center  
  192  10:41  Cyclone x2  
  196  10:55  Hellion x2  
  200  10:57  Starport x2  
  200  11:02  Orbital Command  
  200  11:04  Refinery  
  200  11:10  Terran Ship Weapons Level 2  
  194  11:27  Hellion x2  
  194  11:28  Hellion  
  200  11:36  Command Center x2  
  200  11:45  Hellion x2  
  194  11:52  Battlecruiser  
  191  11:57  Cyclone x2  
  191  11:58  Hellion, Starport Tech Lab x2  
  199  12:03  Starport  
  199  12:05  Starport  
  199  12:14  Hellion x2  
  195  12:17  Battlecruiser  
  195  12:22  Command Center  
  199  12:26  Command Center  
  199  12:34  Missile Turret  
  199  12:42  Refinery  
  199  12:46  Refinery  
  199  12:58  Orbital Command  
  193  13:00  Hellion x2  
  191  13:06  Hellion  
  191  13:07  Cyclone, Hellion  
  195  13:14  Hellion x2  
  195  13:15  SCV  
  195  13:17  SCV  
  174  13:22  Hellion x2  
  174  13:23  Orbital Command  
  174  13:24  Battlecruiser x2  
  174  13:25  Starport Reactor x2  
  190  13:27  Advanced Ballistics  
  190  13:33  Orbital Command  
  190  13:35  Cyclone, Planetary Fortress  
  190  13:36  Cyclone  
  190  13:39  Cyclone  
  199  13:44  Orbital Command  
  192  13:53  Battlecruiser  
  197  14:08  Cyclone, Hellion x2  
  200  14:12  Missile Turret x2  
  200  14:16  Orbital Command  
  200  14:38  Command Center  
  200  14:43  Command Center  
  194  14:46  Hellion x2  
  194  14:48  Hellion  
  196  14:57  Battlecruiser x2  
  196  14:58  Hellion x4  
  196  14:59  SCV x3  
  153  15:07  Liberator, Hellion x2  
  153  15:09  SCV x3, Hellion  
  153  15:12  Viking  
  153  15:13  Viking  
  166  15:16  Orbital Command  
  166  15:19  Cyclone x3, Hellion  
  162  15:28  Hellion  
  162  15:29  SCV, Hellion  
  162  15:31  Hellion  
  169  15:36  SCV x3  
  169  15:39  SCV x2  
  174  15:45  Hellion  
  178  15:50  Hellion  
  178  15:51  Cyclone x3, Hellion  
  178  15:52  SCV  
  178  15:57  Orbital Command  
  182  16:03  SCV  
  182  16:04  SCV  
  167  16:08  Hellion  
  163  16:11  SCV  
  163  16:13  Missile Turret  
  163  16:15  SCV  
  164  16:18  Hellion x2  
  164  16:19  SCV  
  164  16:23  Cyclone x2  
  167  16:28  SCV x3  
  170  16:41  Raven x2  
  170  16:44  Orbital Command  
  170  16:45  SCV x2  
  170  16:47  SCV x2  
  177  16:48  SCV  
  177  17:00  Sensor Tower  
  177  17:02  Hellion x3  
  177  17:07  SCV x2  
  167  17:09  SCV  
  167  17:12  SCV  
  167  17:15  Hellion  
  163  17:16  SCV  
  167  17:30  SCV  
  167  17:31  Hellion  
  161  17:38  SCV  
Show
View Real Time Build Order
Export as new Build Order

Stephano Zerg - Winner!

Build Orders: Hatch First 

Get SALT Encoding   

  12  0:00  Drone  
  13  0:12  Overlord  
  13  0:17  Drone  
  14  0:30  Drone x2  
  16  0:47  Hatchery  
  15  0:51  Drone  
  15  0:54  Drone  
  17  0:58  Drone  
  18  1:08  Extractor  
  17  1:13  Spawning Pool  
  17  1:15  Drone  
  17  1:19  Drone  
  18  1:28  Drone  
  19  1:38  Drone  
  20  1:49  Drone  
  21  1:59  Queen x2  
  21  2:00  Zergling x4  
  27  2:10  Overlord  
  27  2:12  Drone  
  28  2:28  Extractor, Drone  
  27  2:30  Drone  
  29  2:38  Hatchery  
  29  2:39  Queen  
  29  2:44  Overlord  
  29  2:45  Drone x2  
  29  2:48  Metabolic Boost  
  31  2:53  Drone  
  31  2:55  Drone  
  33  3:00  Drone  
  34  3:06  Drone x2  
  34  3:12  Drone x2  
  38  3:13  Drone  
  38  3:14  Drone  
  38  3:16  Queen  
  42  3:21  Drone  
  43  3:30  Overlord  
  43  3:43  Overlord  
  43  3:46  Overlord  
  43  3:48  Queen  
  43  3:49  Drone  
  43  3:50  Drone x5  
  43  3:52  Zergling x2  
  43  3:53  Zergling x4  
  54  3:56  Queen  
  54  4:00  Drone  
  57  4:03  Drone x2  
  59  4:10  Drone  
  59  4:13  Overlord  
  59  4:14  Drone x3  
  63  4:22  Drone x3, Evolution Chamber x2  
  64  4:26  Queen  
  64  4:27  Overlord  
  66  4:32  Zergling x6  
  67  4:40  Drone x3  
  68  4:49  Zerg Ground Armor Level 1, Zerg Melee Weapons Level 1  
  68  4:51  Drone x3  
  71  4:54  Overlord  
  71  4:55  Queen  
  71  4:58  Spore Crawler  
  71  4:59  Spore Crawler  
  71  5:02  Spore Crawler  
  71  5:03  Queen  
  71  5:07  Drone x3  
  71  5:09  Drone x2  
  71  5:11  Drone  
  76  5:15  Spore Crawler  
  76  5:16  Spore Crawler  
  76  5:18  Spore Crawler, Extractor  
  76  5:19  Extractor, Drone  
  76  5:20  Drone  
  73  5:23  Zergling x4  
  73  5:26  Drone x2  
  77  5:29  Drone  
  77  5:32  Lair  
  78  5:37  Drone x2  
  78  5:38  Drone  
  79  5:45  Drone x8  
  87  5:56  Baneling Nest  
  86  6:01  Zergling x6  
  86  6:03  Overlord x2  
  89  6:06  Hatchery  
  89  6:08  Extractor x2  
  89  6:09  Roach Warren  
  85  6:12  Overlord, Extractor  
  84  6:19  Zergling x10  
  84  6:23  Drone x3  
  84  6:24  Drone x3  
  84  6:25  Drone  
  96  6:31  Zergling x10  
  100  6:40  Centrifical Hooks  
  100  6:42  Spire, Baneling  
  100  6:43  Baneling x3  
  100  6:47  Zergling x10  
  104  6:57  Drone  
  104  7:00  Drone  
  104  7:01  Zerg Melee Weapons Level 2  
  106  7:02  Overlord x2, Zerg Missile Weapons Level 1  
  106  7:03  Drone x4  
  106  7:04  Drone x3  
  106  7:06  Overseer  
  113  7:15  Baneling x3  
  113  7:17  Queen x2  
  117  7:24  Zergling x18  
  126  7:32  Spore Crawler, Drone x3  
  126  7:34  Extractor  
  126  7:36  Extractor  
  126  7:38  Infestation Pit  
  126  7:39  Drone x6  
  130  7:49  Baneling x4  
  130  7:50  Zergling x16, Baneling  
  134  7:51  Zergling x2  
  133  8:09  Drone x2  
  133  8:12  Overlord  
  135  8:14  Overlord  
  135  8:18  Queen  
  133  8:20  Hive, Hatchery  
  133  8:23  Zerg Flyer Armor Level 1  
  133  8:27  Burrow  
  130  8:40  Drone x3  
  130  8:41  Spore Crawler, Drone x3  
  132  8:43  Spore Crawler  
  132  8:44  Zergling x26  
  139  8:58  Zergling x2  
  139  8:59  Zergling x16  
  137  9:08  Spore Crawler  
  136  9:12  Corruptor x6  
  136  9:15  Baneling x6  
  148  9:19  Pneumatized Carapace  
  148  9:20  Zerg Missile Weapons Level 2  
  148  9:37  Spine Crawler  
  146  9:39  Spine Crawler, Baneling x4  
  146  9:40  Corruptor x4, Spine Crawler  
  148  9:56  Baneling x5  
  148  9:57  Corruptor x4  
  155  10:05  Zergling x4  
  155  10:06  Overlord x3  
  153  10:18  Overlord  
  153  10:19  Spawning Pool  
  153  10:20  Overlord  
  147  10:30  Drone x7  
  147  10:32  Baneling x5  
  147  10:33  Zerg Flyer Armor Level 2, Baneling  
  147  10:35  Overseer  
  147  10:52  Drone x8  
  155  11:04  Hatchery  
  154  11:13  Zergling x36  
  166  11:23  Zergling x18  
  160  11:29  Baneling x8  
  170  11:36  Zergling x14  
  170  11:39  Overlord  
  177  11:42  Overlord  
  177  11:43  Overlord  
  177  11:45  Overlord  
  177  11:46  Overlord  
  162  11:49  Overlord  
  162  11:52  Overlord  
  151  11:56  Corruptor x7  
  157  12:16  Corruptor x9  
  157  12:21  Zerg Melee Weapons Level 3  
  174  12:27  Zergling x2  
  174  12:28  Zergling x16  
  183  12:34  Baneling x11  
  183  12:35  Baneling x4  
  179  12:42  Zergling x18  
  185  12:53  Zergling x20  
  193  13:03  Zergling x2  
  193  13:04  Overlord  
  186  13:05  Overlord  
  186  13:12  Zergling x12  
  179  13:17  Zergling x24  
  166  13:22  Baneling x4  
  166  13:23  Baneling x5  
  166  13:24  Greater Spire  
  166  13:26  Zergling x8  
  170  13:31  Overseer  
  169  13:40  Zergling x16  
  177  13:48  Baneling  
  177  13:49  Baneling x7  
  170  13:58  Zerg Ground Armor Level 2  
  170  14:04  Zergling x34  
  181  14:14  Zergling x10  
  186  14:19  Baneling x14  
  186  14:22  Drone x6  
  192  14:27  Spire  
  192  14:29  Baneling x4  
  192  14:30  Baneling x2  
  191  14:31  Corruptor  
  191  14:32  Corruptor x3  
  199  14:44  Zergling x16  
  199  14:52  Zergling x10  
  179  15:00  Zergling x14  
  179  15:01  Zergling x20  
  192  15:08  Zergling x4  
  192  15:11  Zerg Flyer Armor Level 3  
  187  15:17  Zergling x10  
  187  15:18  Zergling x2  
  186  15:25  Zergling x2  
  186  15:26  Zergling x10  
  175  15:33  Baneling  
  175  15:34  Baneling x10  
  175  15:42  Zergling x22  
  186  15:44  Baneling  
  186  15:45  Overlord, Baneling x8  
  186  15:46  Overlord  
  186  15:48  Zerg Flyer Weapons Level 1, Glial Reconstitution  
  184  15:57  Zergling x6  
  184  16:03  Overlord  
  179  16:06  Overlord  
  179  16:07  Hatchery  
  179  16:11  Zergling x24  
  183  16:23  Corruptor  
  183  16:24  Corruptor x11  
  199  16:31  Overlord  
  199  16:54  Zergling x14  
  195  16:56  Overlord  
  195  16:57  Overlord  
  198  17:01  Overlord  
  198  17:03  Overlord  
  190  17:16  Overlord  
  190  17:19  Overlord  
  189  17:23  Zergling x20  
  198  17:32  Spore Crawler  
Tags
 
Add a new tag
Caveats
  • Supply blocks, unpowered buildings, or Contaminate may cause inaccurate times.
  • Supply counts are checked every 10 seconds.